 Dungeon Crawl Stone Soup version 0.32-a0-119-g2e8054a333 (webtiles) character file.

Game seed: 14853454476130345560

29 zenocrate the Sneak (level 3, -1/31 HPs)
             Began as a Draconian Delver on Feb 6, 2024.
             Slain by a hound (4 damage)
             ... on level 5 of the Dungeon.
             The game lasted 00:00:16 (144 turns).

zenocrate the Sneak (Draconian Delver)               Turns: 144, Time: 00:00:17

Health: -1/31      AC:  5    Str: 14    XL:     3   Next: 1%
Magic:  3/3        EV: 12    Int: 10    God:
Gold:   63         SH:  0    Dex: 14    Spells: 2/2 levels left

rFire   . .          .
                       - Unarmed
rCold   . . .        (no shield)
rNeg    . . .        (body armour unavailable)
rPois   .            (helmet restricted)
rElec   .            (no cloak)
rCorr   .            (no gloves)
SInv    .            (no boots)
Will    .....        (no amulet)
Stlth   +++          (no ring)
HPRegen 0.25/turn    (no ring)
MPRegen 0.08/turn

%: no passive effects
@: no status effects
A: AC +5, unfitting armour, cold-blooded
a: no special abilities


You were on level 5 of the Dungeon.
You visited 1 branch of the dungeon, and saw 1 of its levels.

You collected 63 gold pieces.

Inventory:

Wands
 e - a wand of digging (3)
Scrolls
 a - a scroll of fog
 b - a scroll of revelation
 c - a scroll of fear
Potions
 d - a potion of haste
 f - a potion of degeneration {unknown}


   Skills:
 - Level 3.2 Fighting
 - Level 1.7 Dodging
 - Level 4.5 Stealth
 + Level 3.5 Unarmed Combat
 + Level 0.0 Evocations


You had 2 spell levels left.
You didn't know any spells.
Your spell library was empty.

Dungeon Overview and Level Annotations

Branches:
Dungeon (5/15)
 Temple: D:4-7

Altars:


Innate Abilities, Weirdness & Mutations

Your plain brown scales are hard. (AC +5)
You cannot fit into any form of body armour.
You are cold-blooded and may be slowed by cold attacks.


Message History

The hound is moderately wounded.
The hound bites you.
You are too injured to fight recklessly!
You closely miss the hound.
The hound is moderately wounded.
The hound bites you. The hound bites you but does no damage.
You hit the hound.
The hound is heavily wounded.
The hound misses you.
You hit the hound.
The hound is severely wounded.
The hound bites you but does no damage.
You closely miss the hound.
The hound is severely wounded.
The hound closely misses you. The hound bites you.
You are too injured to fight recklessly!
You barely miss the hound.
The hound is severely wounded.
The hound bites you.
* * * LOW HITPOINT WARNING * * *
You closely miss the hound.
The hound is heavily wounded.
The hound bites you but does no damage. x2
Unknown command.
You miss the hound.
The hound is heavily wounded.
The hound bites you.
* * * LOW HITPOINT WARNING * * *
You are too injured to fight recklessly!
Unknown command.
You miss the hound.
The hound is heavily wounded.
The hound bites you.
* * * LOW HITPOINT WARNING * * *
The hound closely misses you.
Unknown command.
You hit the hound but do no damage.
The hound is heavily wounded.
The hound bites you.
You die...

# # .#.. ##.....
........ ........
........
###############
#.......
#......@ho...!.
#.....^.
#.###########.#
........ #.#
........ #.#
......# #.#
......# #.#
......# #.#
......####.#######
......+..........#


You could see a hound and an orc.

Vanquished Creatures
  An orc wizard (D:5)
  A dart slug (D:5)
  An orc (D:5)
3 creatures vanquished.

Notes
Turn   | Place    | Note
-------+----------+-------------------------------------------
     0 | D:5      | zenocrate the Draconian Delver began the quest for the Orb.
     0 | D:5      | Reached XP level 1. HP: 19/19 MP: 1/1
   110 | D:5      | Noticed an orc wizard
   113 | D:5      | Noticed a hound
   133 | D:5      | Killed an orc wizard
   134 | D:5      | Reached XP level 2. HP: 13/26 MP: 2/2
   134 | D:5      | Reached XP level 3. HP: 15/31 MP: 3/3
   144 | D:5      | Slain by a hound

Illustrated notes

Levels and vault maps discovered:
D:5:      layout_basic, lightli_minifort

Skill      XL: |  1 |
---------------+----+-----
Unarmed Combat | 3 |  3.5
Fighting       | |  3.2
Dodging        | |  1.7
Stealth        | |  4.5

Action                     || total
---------------------------++-------
  Melee: Unarmed           ||    32
         Tailslap          ||     3
 Armour: Skin              ||    28
  Dodge: Dodged            ||     8

Table legend: (Time is in decaauts)
 A = Elapsed time spent in this place.
 B = Non-inter-level travel time spent in this place.
 C = Inter-level travel time spent in this place.
 D = Time resting spent in this place.
 E = Time spent auto-exploring this place.
 F = Levels seen in this place.
 G = Mean time per level.
                   A        B        C        D        E       F      G
               +--------+--------+--------+--------+--------+-----+--------+
         Total |    142 |    142 |      0 |      0 |     94 |   1 |  142.0 |
       Dungeon |    142 |    142 |      0 |      0 |     94 |   1 |  142.0 |
               +--------+--------+--------+--------+--------+-----+--------+

Top non-repeatable levels by time:
     D:5: 142 daAuts
